 Dungeon Crawl Stone Soup version 0.22.0 (webtiles) character file.

4955 tognito the Severer (level 10, 0/77 HPs)
             Began as a Minotaur Berserker on Aug 11, 2018.
             Was an Elder of Trog.
             Succumbed to Anothat's ghost's poison
             ... on level 8 of the Dungeon.
             The game lasted 00:17:30 (6240 turns).

tognito the Severer (Minotaur Berserker)            Turns: 6240, Time: 00:17:30

Health: 0/77       AC: 14    Str: 26    XL:     10   Next: 28%
Magic:  9/9        EV:  7    Int:  4    God:    Trog [****..]
Gold:   317        SH:  0    Dex:  9    Spells: 9/9 levels left

rFire    x . .     SeeInvis .   a - +0 executioner's axe
rCold    + . .     Gourm    .   (shield currently unavailable)
rNeg     . . .     Faith    .   I - +0 plate armour
rPois    .         Spirit   .   (helmet restricted)
rElec    +         Reflect  .   r - +0 cloak
rCorr    .         Harm     .   p - +0 pair of gloves
MR       .....                  t - +0 pair of boots
Stlth    ..........             J - amulet of magic regeneration
HPRegen  0.22/turn              g - ring of ice
MPRegen  0.36/turn              s - ring of flight

@: lethally poisoned (0 -> -29), berserk cooldown, slowed, very slow
A: retaliatory headbutt, horns 2, sense surroundings 1, electricity resistance
a: Berserk, Trog's Hand, Brothers in Arms, Renounce Religion, Evoke Flight


You were on level 8 of the Dungeon.
You worshipped Trog.
Trog was greatly pleased with you.
You were hungry.

You visited 1 branch of the dungeon, and saw 8 of its levels.

You collected 317 gold pieces.

Inventory:

Hand Weapons
 a - a +0 executioner's axe (weapon)
 b - a +1 hand crossbow of velocity
 e - a +1 battleaxe
 C - a +0 longbow
Missiles
 j - 50 bolts
 o - 64 arrows
Armour
 p - a +0 pair of gloves (worn)
 r - a +0 cloak (worn)
 t - a +0 pair of boots (worn)
 I - a +0 plate armour (worn)
Jewellery
 g - a ring of ice (left hand)
 s - a ring of flight (right hand)
 J - an amulet of magic regeneration (around neck)
Wands
 w - a wand of random effects (10)
 A - a wand of polymorph (11)
 G - a wand of enslavement (11)
Scrolls
 d - a scroll of fear
 f - a scroll of remove curse
 i - a scroll of teleportation
 n - 6 scrolls of identify
 u - 2 scrolls of magic mapping {unknown}
 v - a scroll of noise {unknown}
 y - 2 scrolls of blinking {unknown}
 z - a scroll of immolation {unknown}
Potions
 m - 3 potions of ambrosia
 q - 2 potions of curing
 B - a potion of haste
Comestibles
 c - 11 rations
 h - 11 chunks of flesh


   Skills:
 - Level 3.6 Fighting
 + Level 17.1 Axes
 - Level 2.4 Armour
 - Level 2.1 Dodging


You had 9 spell levels left.
You didn't know any spells.
Your spell library was empty.

Dungeon Overview and Level Annotations

Branches:
Dungeon (8/15)             Temple (0/1) D:7
   Lair: D:8-11

Altars:
Dithmenos
Yredelemnul


Innate Abilities, Weirdness & Mutations

You reflexively headbutt those who attack you in melee.
You have a pair of horns on your head.
You passively map a small area around you.
You are resistant to electric shocks. (rElec)


Message History

Your Axes skill increases to level 17!
* * * LOW HITPOINT WARNING * * *
You feel very sick.
You slice the black bear!!
The black bear is almost dead.
* * * LOW HITPOINT WARNING * * *
You feel sick.
The spriggan hits you but does no damage.
The black bear bites you but does no damage.
The black bear completely misses you.
The black bear claws you but does no damage.
You slash the black bear!
You kill the black bear!
Trog accepts your kill.
* * * LOW HITPOINT WARNING * * *
You feel sick. The spriggan closely misses you.
You are no longer berserk.
You are exhausted.
You feel yourself slow down.
You die...

##### #.# * .#### #.# ,
....# #.# * ..#.# ###)##
, * #.#.# #....♣♣♣ , *
#.#.#####.#.#♣.. .♣♣
#.#......<...♣.. ..♣♣ *
......###.##♣♣.i♣♣..♣♣♣
#####.# #...♣ ♣.@.....♣ *
# #.# #.##♣.♣##†##♣.♣ , #
#.# #.#.♣♣#8...8#♣♣### #
#.###.#.#.............,
#####.......#####..######
.............# ##.#
...##.#####.## #.#
......# #.######.#
...##.# #........#


You could see a spriggan.

Vanquished Creatures
  Pikel (D:7)
  The ghost of Anothat the Unseen, a novice SpAs of Wu Jian (D:8)
  Joseph (D:7)
  3 hippogriffs
  A spriggan (D:8)
  A hungry ghost (D:7)
  Duvessa (D:5)
  5 orc warriors
  A black bear (D:8)
  3 phantoms
  3 sky beasts
  A wolf (D:8)
  3 ogres
  A wyvern zombie (D:7)
  3 bullfrogs
  Dowan (D:5)
  A bullfrog zombie (D:5)
  3 crimson imps
  2 orc priests (D:5)
  3 hounds
  2 bullfrog skeletons
  2 iguanas
  4 centaur skeletons
  4 worker ants
  7 orc wizards
  7 gnolls
  12 adders
  2 shadow imps
  3 adder zombies
  2 worms (D:2)
  3 dart slugs
  10 leopard geckos
  15 orcs
  7 bats
  8 giant cockroaches
  2 goblins (D:1)
  6 hobgoblins
  5 quokkas
  6 frilled lizards
  A giant cockroach zombie (D:5)
  5 kobolds
  5 rats
157 creatures vanquished.

Vanquished Creatures (others)
  A sky beast (D:7)
  A bullfrog (D:7)
  A scorpion (D:7)
  A crimson imp (D:7)
  A fungus (D:8)
  5 plants (D:8)
10 creatures vanquished.

Grand Total: 167 creatures vanquished

Notes
Turn   | Place    | Note
-------+----------+-------------------------------------------
     0 | D:1      | tognito the Minotaur Berserker began the quest for the Orb.
     0 | D:1      | Reached XP level 1. HP: 19/19 MP: 0/0
    96 | D:1      | Reached skill level 4 in Axes
   122 | D:1      | Reached XP level 2. HP: 11/26 MP: 1/1
   742 | D:1      | Reached skill level 5 in Axes
   802 | D:1      | Reached XP level 3. HP: 29/31 MP: 2/2
   827 | D:1      | Reached ** piety under Trog
   965 | D:2      | Found a faded altar of an unknown god.
  1120 | D:2      | Reached skill level 6 in Axes
  1120 | D:2      | Reached XP level 4. HP: 23/39 MP: 3/3
  1587 | D:3      | Reached skill level 7 in Axes
  1587 | D:3      | Reached XP level 5. HP: 42/45 MP: 4/4
  1770 | D:3      | Reached *** piety under Trog
  2177 | D:4      | Reached skill level 8 in Axes
  2277 | D:4      | Reached XP level 6. HP: 43/51 MP: 5/5
  2332 | D:4      | Gained mutation: You passively map a small area around you. [potion of mutation]
  2332 | D:4      | Gained mutation: You are resistant to electric shocks. (rElec) [potion of mutation]
  2485 | D:4      | Found a basalt altar of Yredelemnul.
  2662 | D:5      | Entered Level 5 of the Dungeon
  2698 | D:5      | Reached skill level 9 in Axes
  2800 | D:5      | Reached XP level 7. HP: 30/57 MP: 6/6
  2861 | D:5      | Noticed Dowan
  2863 | D:5      | Noticed Duvessa
  2866 | D:5      | Reached skill level 10 in Axes
  2876 | D:5      | Killed Dowan
  2884 | D:5      | Killed Duvessa
  3350 | D:5      | Reached skill level 11 in Axes
  3369 | D:5      | Reached **** piety under Trog
  3378 | D:5      | Reached XP level 8. HP: 60/64 MP: 7/7
  3581 | D:5      | Found a shadowy altar of Dithmenos.
  3828 | D:6      | Reached skill level 12 in Axes
  4315 | D:6      | Reached skill level 13 in Axes
  5066 | D:7      | Reached XP level 9. HP: 61/70 MP: 8/8
  5099 | D:7      | Noticed Joseph
  5112 | D:7      | Killed Joseph
  5112 | D:7      | Reached skill level 14 in Axes
  5147 | D:7      | Found a staircase to the Ecumenical Temple.
  5411 | D:7      | Reached skill level 15 in Axes
  5432 | D:7      | Noticed Pikel
  5440 | D:7      | Killed Pikel
  5547 | D:7      | Reached skill level 16 in Axes
  5994 | D:8      | Reached XP level 10. HP: 69/77 MP: 9/9
  6206 | D:8      | Found a runed door.
  6206 | D:8      | Noticed Anothat's ghost (novice SpAs)
  6235 | D:8      | Killed Anothat's ghost
  6237 | D:8      | Reached skill level 17 in Axes
  6237 | D:8      | HP: 5/115 [poisoned by Anothat's ghost]
  6240 | D:8      | Succumbed to Anothat's ghost's poison

Skill      XL: |  1  2  3  4  5  6  7  8  9 10 |
---------------+-------------------------------+-----
Axes           | 4 5 6 7 8 9 11 13 16 17 | 17.1
Fighting       | |  3.6
Armour         | |  2.4
Dodging        | |  2.1

Action                   |  1- 3 |  4- 6 |  7- 9 | 10-12 || total
-------------------------+-------+-------+-------+-------++-------
Melee: Hand axe          |    75 |   118 |       |       ||   193
       Headbutt          |    10 |    31 |    24 |       ||    65
       War axe           |       |    14 |    66 |       ||    80
       Battleaxe         |       |       |   113 |     6 ||   119
       Executioner's axe |       |       |       |    22 ||    22
 Fire: Hand crossbow     |       |    24 |    54 |    12 ||    90
Invok: Berserk           |       |     1 |       |     1 ||     2
  Use: Potion            |     3 |     5 |     3 |     2 ||    13
       Scroll            |       |       |     7 |       ||     7
  Eat: Chunk             |     1 |     5 |    14 |     1 ||    21
Armor: Scale mail        |    17 |       |       |       ||    17
       Animal skin       |     3 |       |       |       ||     3
       Chain mail        |    11 |    68 |    49 |       ||   128
       Plate armour      |       |       |    44 |    29 ||    73
Dodge: Dodged            |    43 |    60 |    63 |    13 ||   179
